 Dungeon Crawl Stone Soup version 0.27-a0-1196-g3e9cee4cb2 (webtiles) character file.

Game seed: 6394153001913414649

40 Delamore the Skirmisher (level 3, -1/24 HPs)
             Began as a Gargoyle Fighter on May 28, 2021.
             Slain by an ufetubus (3 damage)
             ... on level 3 of the Dungeon.
             The game lasted 00:01:15 (1402 turns).

Delamore the Skirmisher (Gargoyle Fighter)          Turns: 1402, Time: 00:01:16

Health: -1/24      AC: 10    Str: 19 (20) XL:     3   Next: 50%
Magic:  3/3        EV:  7    Int:  6 (8)  God:
Gold:   55         SH:  8    Dex:  6 (9)  Spells: 2/2 levels left

rFire    . . .     SeeInvis .   a - +0 flail
rCold    . . .     Faith    .   c - +0 kite shield
rNeg     + . .     Spirit   .   b - +0 scale mail
rPois    ∞         Reflect  .   (no helmet)
rElec    +         Harm     .   (no cloak)
rCorr    .         Rampage  .   (no gloves)
Will     .....                  (no boots)
Stlth    ..........             (no amulet)
HPRegen  0.08/turn              (no ring)
MPRegen  0.08/turn              (no ring)

@: no status effects
A: sickness immunity, AC +3, negative energy resistance 1, electricity
resistance, torment resistance 1, petrification resistance
a: no special abilities


You were on level 3 of the Dungeon.
You visited 1 branch of the dungeon, and saw 3 of its levels.

You collected 55 gold pieces.

Inventory:

Hand Weapons
 a - a +0 flail (weapon)
Missiles
 j - 4 poisoned darts (quivered)
Armour
 b - a +0 scale mail (worn)
 c - a +0 kite shield (worn)
Jewellery
 h - an amulet of faith
Scrolls
 g - 2 scrolls of noise
 k - a scroll of fog
Potions
 d - a potion of might
 e - a potion of haste {unknown}
 f - a potion of brilliance {unknown}
 i - 2 potions of attraction
 l - a potion of degeneration


   Skills:
 + Level 3.8 Fighting
 * Level 3.3 Maces & Flails
 - Level 3.2 Armour
 - Level 3.2 Shields


You had 2 spell levels left.
You didn't know any spells.
Your spell library was empty.

Dungeon Overview and Level Annotations

Branches:
Dungeon (3/15)

Altars:

Shops:
D:2 (


Innate Abilities, Weirdness & Mutations

You are immune to sickness and miasma.
Your stone body is resilient. (AC +3)
You are immune to poison.
You resist negative energy. (rN+)
You are resistant to electric shocks. (rElec)
You are resistant to unholy torment.
You are immune to petrification.


Message History

You block the ufetubus's attack. The ufetubus hits you. x2
You miss the ufetubus. You block the ufetubus's attack. The ufetubus hits you.
The ufetubus hits you but does no damage.
The ufetubus completely misses you.
You are too injured to fight recklessly!
You are too injured to fight recklessly!
You are too injured to fight recklessly!
You are too injured to fight recklessly!
You are too injured to fight recklessly!
You are too injured to fight recklessly!
An ufetubus is nearby!
You miss the ufetubus. You block the ufetubus's attack.
The ufetubus barely misses you.
The ufetubus hits you but does no damage.
You block the ufetubus's attack.
You miss the ufetubus. You block the ufetubus's attack.
The ufetubus hits you but does no damage.
The ufetubus hits you.
The ufetubus hits you but does no damage. x2
You block the ufetubus's attack.
You closely miss the ufetubus. The ufetubus hits you.
The ufetubus barely misses you. The ufetubus hits you.
* * * LOW HITPOINT WARNING * * *
The ufetubus barely misses you.
You barely miss the ufetubus. You block the ufetubus's attack. x2
The ufetubus hits you but does no damage.
The ufetubus barely misses you.
You closely miss the ufetubus. You block the ufetubus's attack.
The ufetubus hits you but does no damage.
You block the ufetubus's attack. x2
You closely miss the ufetubus. The ufetubus hits you.
* * * LOW HITPOINT WARNING * * *
The ufetubus hits you.
* * * LOW HITPOINT WARNING * * *
You block the ufetubus's attack. The ufetubus barely misses you.
It was a potion of degeneration.
There was something very wrong with that liquid.
You feel weakened.
You feel dopey.
You feel clumsy. The ufetubus hits you.
You die...

##.... ...... #.....
#..... ########.....
#......#.....
############.####.#.....
......5@................
.....#######.####.#.#.##
... #........#.# .
########.#.#
###.........##
.............#
###.#..<#.##.# #.###.#
.. #. ..# .


You could see an ufetubus.

Vanquished Creatures
  A dart slug (D:1)
  5 ball pythons
  3 giant cockroaches
  4 goblins
  6 hobgoblins
  2 jackals (D:1)
  3 kobolds
  A quokka (D:2)
  3 bats
  5 frilled lizards
  A rat (D:1)
34 creatures vanquished.

Notes
Turn   | Place    | Note
-------+----------+-------------------------------------------
     0 | D:1      | Delamore the Gargoyle Fighter began the quest for the Orb.
     0 | D:1      | Reached XP level 1. HP: 14/14 MP: 1/1
    71 | D:1      | Found a faded altar of an unknown god.
   132 | D:1      | Reached XP level 2. HP: 18/19 MP: 2/2
   599 | D:1      | Reached XP level 3. HP: 24/24 MP: 3/3
  1081 | D:2      | Found Danwemma's Antique Weapon Emporium.
  1402 | D:3      | Slain by an ufetubus

Illustrated notes

Levels and vault maps discovered:
D:1:      dpeg_arrival_houses_and_road, layout_basic, basic_ecumenical_altar
D:2:      layout_rooms, serial_shops, shop, kennysheep_potato
D:3:      layout_basic

Skill      XL: |  1  2 |
---------------+-------+-----
Maces & Flails | 3 |  3.3
Fighting       | |  3.8
Armour         | |  3.2
Shields        | |  3.2

Action                   || total
-------------------------++-------
Melee: Flail             ||   113
  Use: Scroll            ||     3
       Potion            ||     1
Armor: Scale mail        ||    73
Dodge: Dodged            ||    36
Block: Kite shield       ||    86

Table legend: (Time is in decaauts)
 A = Elapsed time spent in this place.
 B = Non-inter-level travel time spent in this place.
 C = Inter-level travel time spent in this place.
 D = Time resting spent in this place.
 E = Time spent auto-exploring this place.
 F = Levels seen in this place.
 G = Mean time per level.
                   A        B        C        D        E       F      G
               +--------+--------+--------+--------+--------+-----+--------+
         Total |   1457 |   1440 |     17 |    162 |   1013 |   3 |  485.7 |
       Dungeon |   1457 |   1440 |     17 |    162 |   1013 |   3 |  485.7 |
               +--------+--------+--------+--------+--------+-----+--------+

Top non-repeatable levels by time:
     D:1: 781 daAuts
     D:2: 632 daAuts
     D:3: 43 daAuts
